 Dungeon Crawl Stone Soup version 0.31-a0-702-gf82c85558f (webtiles) character file.

Game seed: 11273149827765404927

78 qw the Shooter (level 4, 0/28 HPs)
             Began as a Gargoyle Hunter on Sept 8, 2023.
             Killed from afar by an orc wizard (7 damage)
             ... with a puff of flame
             ... on level 3 of the Dungeon.
             The game lasted 00:00:37 (1275 turns).

qw the Shooter (Gargoyle Hunter)                    Turns: 1275, Time: 00:00:37

Health: 0/28       AC:  6    Str: 15    XL:     4   Next: 36%
Magic:  4/4        EV: 11    Int:  9    God:
Gold:   77         SH:  5    Dex: 15    Spells: 3/3 levels left

rFire   . . .        Y - +0 shortbow
rCold   . . .        (shield currently unavailable)
rNeg    + . .        c - +0 leather armour
rPois   inf          (no helmet)
rElec   +            (no cloak)
rCorr   .            (no gloves)
SInv    .            (no boots)
Will    .....        f - amulet of reflection
Stlth   ++           (no ring)
HPRegen 0.24/turn    (no ring)
MPRegen 0.09/turn

%: reflection
@: no status effects
A: sickness immunity, AC +3, negative energy resistance 1, electricity
resistance, torment resistance 1, petrification resistance
a: no special abilities


You were on level 3 of the Dungeon.
You visited 1 branch of the dungeon, and saw 3 of its levels.

You collected 77 gold pieces.


Innate Abilities, Weirdness & Mutations

You are immune to sickness and miasma.
Your stone body is resilient. (AC +3)
You are immune to poison.
You resist negative energy. (rN+)
You are resistant to electric shocks. (rElec)
You are resistant to unholy torment.
You are immune to petrification.


   Skills:
 - Level 3.2 Fighting
 + Level 5.2 Ranged Weapons
 - Level 1.5 Dodging
 - Level 1.1 Stealth


You had 3 spell levels left.
You didn't know any spells.
Your spell library was empty.

Inventory:

Hand Weapons
 Y - a +0 shortbow (weapon)
Armour
 c - a +0 leather armour (worn)
Jewellery
 f - an amulet of reflection (around neck)
 j - a ring of fire
Scrolls
 a - a scroll of identify
 d - a scroll of noise {unknown}
Potions
 b - 2 potions of magic {unknown}
 g - a potion of mutation
 i - a potion of cancellation {unknown}

Dungeon Overview and Level Annotations

Branches:
Dungeon (3/15)

Altars:

Shops:
D:1 (


Message History

The arrow hits the adder but does no damage.
The adder is lightly wounded.
Something hits you.
You shoot an arrow. The arrow hits the adder.
The adder is moderately wounded.
Something hits you but does no damage.
You shoot an arrow. The arrow misses the adder.
The arrow hits the endoplasm.
The endoplasm is almost dead.
Something hits you.
You shoot an arrow.
You hear some strange, mumbled words.
A magic dart appears from out of thin air!
The magic dart hits you.
You shoot an arrow. The arrow hits the adder!
The adder is almost dead.
Something hits you but does no damage.
You shoot an arrow. The arrow hits the adder.
You kill the adder!
Something hits you. Something hits you but does no damage.
1263 ||| FLEEEEING.
Something hits you but does no damage.
1264 ||| FLEEEEING.
1265 ||| FLEEEEING.
1266 ||| FLEEEEING.
You hear some strange, mumbled words.
Something tries to affect you, but you resist.
1267 ||| FLEEEEING.
1268 ||| STILL FLEEEEING.
1269 ||| STILL FLEEEEING.
1270 ||| FLEEEEING.
A puff of flame appears from out of thin air!
The puff of flame hits you.
1271 ||| FLEEEEING.
1272 ||| FLEEEEING.
1273 ||| FLEEEEING.
1274 ||| STILL FLEEEEING.
1275 ||| STILL FLEEEEING.
A puff of flame appears from out of thin air!
The puff of flame hits you!
You die...

#..... #.... #.... ..) ..)
#)# #.# ######### #J#
#...@...# #{#
#......)############# #.#
#..[.........<.......
#.######.......########.....
#..J{.{....##### #.....
############ #..... ######


There were no monsters in sight!

Vanquished Creatures
  3 adders
  A worm (D:2)
  A dart slug (D:1)
  3 orcs (D:3)
  4 bats
  An endoplasm (D:2)
  3 giant cockroaches
  4 goblins
  7 hobgoblins (D:2)
  2 jackals (D:2)
  3 kobolds
  A quokka (D:1)
  A ball python (D:2)
  3 frilled lizards
  2 rats
39 creatures vanquished.

Notes
Turn   | Place    | Note
-------+----------+-------------------------------------------
     0 | D:1      | qw the Gargoyle Hunter began the quest for the Orb.
     0 | D:1      | Reached XP level 1. HP: 12/12 MP: 1/1
     0 | D:1      | 0 ||| qw: Version: 0.3-a-76-g4403597
     0 | D:1      | 0 ||| qw: Game counter: 1103
     0 | D:1      | 0 ||| qw: Melee chars always use a shield: true
     0 | D:1      | 0 ||| qw: God list: Okawaru
     0 | D:1      | 0 ||| qw: Allow faded altars: false
     0 | D:1      | 0 ||| qw: Do Orc after clearing Dungeon:15 true
     0 | D:1      | 0 ||| qw: Do second Lair branch before Depths: true
     0 | D:1      | 0 ||| qw: Lair rune preference: random
     0 | D:1      | 0 ||| qw: Goals: Normal
     0 | D:1      | 0 ||| PLANNING D:1-11
   152 | D:1      | Found Xocw's Weapon Shop.
   152 | D:1      | Noticed a +0 quick blade
   152 | D:1      | Noticed a +0 giant spiked club
   187 | D:1      | Reached XP level 2. HP: 17/17 MP: 2/2
   427 | D:1      | 427 ||| UPGRADING to amulet of reflection.
   432 | D:1      | 432 ||| READING 2 scrolls labelled YSODEK PAJIM.
   433 | D:1      | 433 ||| READING scroll labelled KOEPPAUZOUC.
   434 | D:1      | 434 ||| DRINKING 2 coppery potions.
   434 | D:1      | Gained mutation: Your spells are a little easier to cast,
                  | but a little less powerful. [potion of mutation]
   434 | D:1      | Lost mutation: Your spells are a little easier to cast, but
                  | a little less powerful. [potion of mutation]
   435 | D:1      | 435 ||| DRINKING 2 fuming ruby potions.
   436 | D:1      | 436 ||| DROPPING scroll of butterflies.
   591 | D:2      | Reached skill level 5 in Ranged Weapons
   591 | D:2      | Reached XP level 3. HP: 19/21 MP: 3/3
  1074 | D:2      | Reached skill level 3 in Fighting
  1074 | D:2      | Reached XP level 4. HP: 28/28 MP: 4/4
  1151 | D:2      | 1151 ||| READING scroll labelled MYDWUPAIPLE.
  1152 | D:2      | 1152 ||| DRINKING 3 green potions.
  1153 | D:2      | 1153 ||| DROPPING 2 potions of attraction.
  1192 | D:3      | 1192 ||| PLANNING SEWER
  1253 | D:3      | 1253 ||| DRINKING potion of curing.
  1253 | D:3      | 1253 ||| (to cure confusion)
  1262 | D:3      | HP: 7/28 [something (2)]
  1263 | D:3      | 1263 ||| FLEEEEING.
  1264 | D:3      | 1264 ||| FLEEEEING.
  1265 | D:3      | 1265 ||| FLEEEEING.
  1266 | D:3      | 1266 ||| FLEEEEING.
  1267 | D:3      | 1267 ||| FLEEEEING.
  1270 | D:3      | 1270 ||| FLEEEEING.
  1270 | D:3      | HP: 6/28 [something/puff of flame (3)]
  1271 | D:3      | 1271 ||| FLEEEEING.
  1272 | D:3      | 1272 ||| FLEEEEING.
  1273 | D:3      | 1273 ||| FLEEEEING.
  1275 | D:3      | Killed from afar by an orc wizard

Levels and vault maps discovered:
D:1:      minmay_arrival_five_plusses, layout_rooms, serial_shops,
          nicolae_shop_mannequins, serial_curves, eino_curves_04, eino_curves_02
D:2:      layout_basic
D:3:      layout_rooms, portal_sewer_entry_d, basic_ecumenical_altar, uniq_ijyb,
          uniq_terence

Skill      XL: |  1  2  3 |
---------------+----------+-----
Ranged Weapons | 5 |  5.2
Fighting       | 3 |  3.2
Dodging        | |  1.5
Stealth        | |  1.1

Action                     |  1- 3 |  4- 6 || total
---------------------------+-------+-------++-------
   Fire: Shortbow          |   121 |    34 ||   155
    Use: Potion            |     2 |     2 ||     4
         Scroll            |     2 |     1 ||     3
 Armour: Leather armour    |    30 |    19 ||    49
  Dodge: Dodged            |    32 |     2 ||    34
  Block: Other             |    10 |     2 ||    12

Table legend:
 A = Non-vault XP
 B = Vault XP
 C = Vault XP percentage of total XP
 D = Non-vault monster count
 E = Vault monster count
 F = Vault count percentage of total count
                 A         B        C        D         E       F
            +---------+---------+-------+---------+---------+-------
      Total |     112 |       0 |   0.0 |      39 |       0 |   0.0
            +---------+---------+-------+---------+---------+-------
        D:1 |      19 |       0 |   0.0 |      10 |       0 |   0.0
        D:2 |      67 |       0 |   0.0 |      23 |       0 |   0.0
        D:3 |      26 |       0 |   0.0 |       6 |       0 |   0.0
            +---------+---------+-------+---------+---------+-------
